AoeStats
← Leda

Arena

509387185Analyzed
2v2 RM · 7d ago on Sep 26, 2026· 71m 26s· 4 players
Game mode
Random Map
Map size
Medium (4 player)
Population
200
Speed
Normal
Resources
Standard
Victory
Conquest
Starting age
Dark Age
Ending age
Imperial Age
RankedLock teamsTeams togetherTeam positionsShared explorationLock speedFull tech treeHidden civsTurbo modeCheats
Victory
Defeat
🇫🇷 Teutons · France
1098
+10
🇫🇷 Britons · France
849
+19
🇨🇿 Maya · Czechia
957
-41
🇦🇹 Teutons · Austria
933
-14
Leda
1:44 Loom
3:55 Loom
16:04 Feudal Age
18:35 Wheelbarrow
17:46 Town Watch
17:54 Arson
17:58 Horse Collar
19:09 Scale Mail Armor
20:24 Padded Archer Armor
20:15 Fletching
28:47 Castle Age
32:38 Crossbowman
33:24 Thumb Ring
34:51 Bodkin Arrow
35:12 Leather Archer Armor
35:40 Hand Cart
49:18 Imperial Age
51:21 Fervor
51:28 Fervor
52:10 Hoardings
52:41 Caravan
53:30 Hul'che Javelineers
57:10 Arbalester
Bierfräsn88
5:23 Loom
10:56 Feudal Age
11:57 Double-Bit Axe
13:09 Horse Collar
19:45 Castle Age
17:50 Stone Mining
19:02 Gold Mining
21:23 Bow Saw
21:18 Heavy Plow
25:07 Town Watch
28:22 Wheelbarrow
29:24 Scale Barding Armor
29:32 Bloodlines
31:14 Hand Cart
33:43 Imperial Age
31:50 Elite Skirmisher
34:01 Fortified Wall
34:02 Masonry
35:59 Chemistry
36:59 Crop Rotation
37:34 Two-Man Saw
36:52 Padded Archer Armor
36:43 Fletching
36:53 Scale Mail Armor
37:14 Chain Barding Armor
37:05 Forging
38:04 Leather Archer Armor
37:57 Cavalier
43:53 Bodkin Arrow
51:56 Ballistics
Toki le Marquis
12:36 Feudal Age
11:15 Loom
16:31 Castle Age
15:24 Double-Bit Axe
15:28 Horse Collar
15:41 Loom
16:31 Wheelbarrow
18:46 Wheelbarrow
17:56 Town Watch
25:49 Crossbowman
27:19 Fletching
27:29 Padded Archer Armor
35:31 Imperial Age
34:27 Bow Saw
34:16 Bodkin Arrow
35:02 Gold Mining
35:03 Stone Mining
35:33 Leather Archer Armor
36:06 Arbalester
38:47 Bracer
39:17 Ring Archer Armor
38:49 Scale Mail Armor
38:54 Scale Barding Armor
39:00 Forging
39:07 Pikeman
42:28 Halberdier
43:09 Squires
42:54 Arson
45:15 Gold Shaft Mining
46:44 Chain Mail Armor
46:50 Chain Barding Armor
47:06 Iron Casting
47:03 Caravan
53:07 Yeomen
52:48 Warwolf
54:56 Chemistry
54:17 Ballistics
54:03 Siege Engineers
55:08 Two-Man Saw
54:13 Heavy Plow
56:01 Hand Cart
55:31 Town Watch
59:54 Conscription
61:56 Capped Ram
68:37 Spies/Treason
70:56 Town Patrol
Prince des Lilas
10:59 Feudal Age
11:27 Double-Bit Axe
11:24 Horse Collar
15:01 Castle Age
19:23 Loom
21:00 Heavy Plow
21:17 Bow Saw
23:09 Gold Mining
23:11 Stone Mining
23:57 Wheelbarrow
23:07 Town Watch
28:32 Imperial Age
26:25 Hand Cart
28:06 Ballistics
27:57 Masonry
27:58 Fortified Wall
28:53 Caravan
29:25 Coinage
30:14 Crop Rotation
29:57 Guilds
30:59 Fletching
31:19 Forging
31:10 Scale Mail Armor
31:11 Padded Archer Armor
31:17 Scale Barding Armor
32:34 Banking
32:48 Bodkin Arrow
33:28 Iron Casting
32:23 Pikeman
33:04 Squires
32:50 Arson
34:07 Chemistry
34:37 Siege Engineers
34:28 Heavy Mounted Crossbowman
34:30 Elite Skirmisher
34:31 Crossbowman
34:58 Cavalier
35:49 Bloodlines
35:54 Halberdier
35:55 Man-at-Arms
36:20 Gambesons
37:39 Blast Furnace
36:54 Chain Mail Armor
37:00 Chain Barding Armor
36:55 Leather Archer Armor
38:16 Paladin
39:23 Crenellations
39:24 Ironclad
39:39 Hoardings
38:35 Sappers
40:21 Plate Mail Armor
42:04 Plate Barding Armor
42:44 Stone Shaft Mining
44:01 Two-Man Saw
43:44 Town Patrol
45:48 Conscription
44:49 Elite Teutonic Knight
62:05 Spies/Treason
Connection lost

Rejoining the realm…

Still unreachable

The connection could not be restored.

Session expired

The server has moved on; the page needs a fresh start.